 Dungeon Crawl Stone Soup version 0.28-a0-533-g9f97627e2a (webtiles) character file.

Game seed: 6319447140006623456

61 Gargoyl the Skirmisher (level 4, -2/41 HPs)
             Began as a Gnoll Abyssal Knight on Sept 25, 2021.
             Was a Follower of Lugonu.
             Killed from afar by an orc wizard (11 damage)
             ... with a puff of flame
             ... on level 2 of the Dungeon.
             The game lasted 00:01:43 (1786 turns).

Gargoyl the Skirmisher (Gnoll Abyssal Knight)       Turns: 1786, Time: 00:01:44

Health: -2/41      AC:  9    Str: 14    XL:     4   Next: 7%
Magic:  7/7        EV:  7    Int:  9    God:    Lugonu [*.....]
Gold:   26         SH:  0    Dex: 12    Spells: 5/5 levels left

rFire   . . .      SeeInvis .   b - +0 dagger (venom)
rCold   . . .      Faith    .   (no shield)
rNeg    . . .      Spirit   .   c - +0 chain mail
rPois   .          Reflect  .   (no helmet)
rElec   .          Harm     .   (no cloak)
rCorr   .          Rampage  .   (no gloves)
Will    +....                   (no boots)
Stlth   ..........              (no amulet)
HPRegen 0.13/turn               d - ring of willpower
MPRegen 0.10/turn               (no ring)

@: no status effects
A: fangs 1, strong nose, distributed training
a: Renounce Religion, Depart the Abyss


You were on level 2 of the Dungeon.
You worshipped Lugonu.
Lugonu was aware of your devotion.
You visited 1 branch of the dungeon, and saw 2 of its levels.
You visited the Abyss 1 time.

You collected 26 gold pieces.

Inventory:

Hand Weapons
 a - a +1 hand axe
 b - a +0 dagger of venom (weapon)
Armour
 c - a +0 chain mail (worn)
Jewellery
 d - a ring of willpower (left hand)
Scrolls
 f - a scroll of teleportation {unknown}
 g - 2 scrolls of identify {unknown}
 h - a scroll of holy word {unknown}
 i - a scroll of summoning {unknown}
Potions
 e - a potion of mutation {unknown}


   Skills:
 + Level 6.5 Fighting
 + Level 1.0 Short Blades
 + Level 1.0 Long Blades
 + Level 4.6 Axes
 + Level 1.0 Maces & Flails
 + Level 1.0 Polearms
 + Level 1.0 Staves
 + Level 1.0 Slings
 + Level 1.0 Bows
 + Level 1.0 Crossbows
 + Level 1.0 Throwing
 + Level 4.6 Armour
 + Level 2.7 Dodging
 + Level 1.0 Stealth
 + Level 1.0 Shields
 + Level 1.0 Unarmed Combat
 + Level 1.0 Spellcasting
 + Level 0.7 Conjurations
 + Level 0.7 Hexes
 + Level 0.7 Summonings
 + Level 0.7 Necromancy
 + Level 0.7 Translocations
 + Level 0.7 Transmutations
 + Level 0.7 Fire Magic
 + Level 0.7 Ice Magic
 + Level 0.7 Air Magic
 + Level 0.7 Earth Magic
 + Level 0.7 Poison Magic
 + Level 4.6 Invocations
 + Level 1.0 Evocations


You had 5 spell levels left.
You didn't know any spells.
Your spell library contained the following spells:

 Spells                   Type           Power      Damage    Failure   Level
 Ignite Poison            Fire/Tmut/Pois 1%         N/A       100%        3
 Mephitic Cloud           Conj/Pois/Air  1%         N/A       100%        3
 Freezing Cloud           Conj/Ice/Air   0%         6-21      100%        5


Dungeon Overview and Level Annotations

Branches:
Dungeon (2/15)

Altars:


Innate Abilities, Weirdness & Mutations

You have very sharp teeth.
Your uncanny sense of smell can sniff out nearby items.
Your experience applies equally to all skills.


Message History

You miss something. The orc hits you with a +0 falchion.
Something hits you but does no damage.
You closely miss the orc.
The orc is lightly wounded.
The orc hits you but does no damage. Something hits you but does no damage.
You hit the orc but do no damage.
The orc is poisoned.
You bite the orc, but do no damage.
The orc is lightly wounded.
The orc hits you but does no damage. Something hits you but does no damage.
Unknown command.
You hit the orc but do no damage.
The orc looks even sicker.
The orc is moderately wounded.
The orc barely misses you.
You hit the orc but do no damage.
The orc looks as sick as possible!
The orc is moderately wounded.
Something hits you. The orc hits you but does no damage.
Unknown command.
You hit the orc but do no damage.
The orc looks as sick as possible!
The orc is heavily wounded.
Something hits you. The orc hits you with a +0 falchion.
Unknown command.
You hit the orc but do no damage.
The orc looks as sick as possible!
The orc is heavily wounded.
Something hits you but does no damage. The orc hits you with a +0 falchion!
* * * LOW HITPOINT WARNING * * *
Unknown command.
You hit the orc but do no damage.
The orc is severely wounded.
Something hits you but does no damage. The orc hits you but does no damage.
Unknown command.
You hit the orc.
You kill the orc!
Lugonu accepts your kill. Something hits you but does no damage.
You hit something but do no damage. Something hits you but does no damage.
You closely miss something.
You hear some strange, mumbled words.
A puff of flame appears from out of thin air!
The puff of flame hits you!
You die...

##.........##.#.####
#........####.#....
#.......## #o#..####
#.......# ###o#......
#.......###.....#
##......###......#####
#.......##..#.#.......
#....).....##......$..
#....@...#............
##..{...........†.....
##...........#........
#.......#.............
#....)..#.....#....[..
#....<..#....#########
##.....##....#
##...###....# #####
#....#


There were no monsters in sight!

Vanquished Creatures
  An orc priest (D:1)
  A worm (D:2)
  A dart slug (D:1)
  3 orcs
  4 bats
  An endoplasm (D:2)
  A goblin (D:1)
  A hobgoblin (D:2)
  A kobold (D:1)
  3 quokkas
  2 ball pythons (D:1)
  A frilled lizard (D:1)
  4 rats
24 creatures vanquished.

Notes
Turn   | Place    | Note
-------+----------+-------------------------------------------
     0 | Abyss:1  | Gargoyl the Gnoll Abyssal Knight began the quest for the
                  | Orb.
     0 | Abyss:1  | Reached XP level 1. HP: 23/23 MP: 3/3
    25 | Abyss:2  | Found a corrupted altar of Lugonu.
    45 | D:1      | Escaped the Abyss
   155 | D:1      | Reached * piety under Lugonu
   331 | D:1      | Reached XP level 2. HP: 23/29 MP: 5/5
   694 | D:1      | Found a faded altar of an unknown god.
  1184 | D:2      | Reached XP level 3. HP: 27/35 MP: 6/6
  1648 | D:1      | Reached skill level 1 in Short Blades
  1648 | D:1      | Reached skill level 1 in Long Blades
  1648 | D:1      | Reached skill level 1 in Maces & Flails
  1648 | D:1      | Reached skill level 1 in Polearms
  1648 | D:1      | Reached skill level 1 in Staves
  1648 | D:1      | Reached skill level 1 in Slings
  1648 | D:1      | Reached skill level 1 in Bows
  1648 | D:1      | Reached skill level 1 in Crossbows
  1648 | D:1      | Reached skill level 1 in Throwing
  1648 | D:1      | Reached skill level 1 in Stealth
  1648 | D:1      | Reached skill level 1 in Shields
  1648 | D:1      | Reached skill level 1 in Unarmed Combat
  1648 | D:1      | Reached skill level 1 in Spellcasting
  1648 | D:1      | Reached skill level 1 in Evocations
  1648 | D:1      | Reached XP level 4. HP: 26/41 MP: 7/7
  1786 | D:2      | Killed from afar by an orc wizard

Illustrated notes

Levels and vault maps discovered:
D:1:      ebering_trefoil_3fold, layout_loops_ring,
          shapermc_ecumenical_altar_totnotflames, feat_on_display
D:2:      layout_rooms

Skill      XL: |  1  2  3 |
---------------+----------+-----
Short Blades   | 1 |  1.0
Long Blades    | 1 |  1.0
Maces & Flails | 1 |  1.0
Polearms       | 1 |  1.0
Staves         | 1 |  1.0
Slings         | 1 |  1.0
Bows           | 1 |  1.0
Crossbows      | 1 |  1.0
Throwing       | 1 |  1.0
Stealth        | 1 |  1.0
Shields        | 1 |  1.0
Unarmed Combat | 1 |  1.0
Spellcasting   | 1 |  1.0
Evocations     | 1 |  1.0
Fighting       | |  6.5
Axes           | |  4.6
Armour         | |  4.6
Dodging        | |  2.7
Conjurations   | |  0.7
Hexes          | |  0.7
Summonings     | |  0.7
Necromancy     | |  0.7
Translocations | |  0.7
Transmutations | |  0.7
Fire Magic     | |  0.7
Ice Magic      | |  0.7
Air Magic      | |  0.7
Earth Magic    | |  0.7
Poison Magic   | |  0.7
Invocations    | |  4.6

Action                   |  1- 3 |  4- 6 || total
-------------------------+-------+-------++-------
Melee: Hand axe          |    70 |       ||    70
       Bite              |     5 |     2 ||     7
       Dagger            |     9 |    19 ||    28
Invok: Depart the Abyss  |     1 |       ||     1
  Use: Potion            |     2 |       ||     2
Armor: Chain mail        |    59 |    14 ||    73
Dodge: Dodged            |    38 |     6 ||    44

Table legend: (Time is in decaauts)
 A = Elapsed time spent in this place.
 B = Non-inter-level travel time spent in this place.
 C = Inter-level travel time spent in this place.
 D = Time resting spent in this place.
 E = Time spent auto-exploring this place.
 F = Levels seen in this place.
 G = Mean time per level.
                   A        B        C        D        E       F      G
               +--------+--------+--------+--------+--------+-----+--------+
         Total |   1778 |   1744 |     34 |    732 |    693 |   4 |  444.5 |
       Dungeon |   1734 |   1700 |     34 |    732 |    689 |   2 |  867.0 |
         Abyss |     44 |     44 |      0 |      0 |      4 |   2 |   22.0 |
               +--------+--------+--------+--------+--------+-----+--------+

Top non-repeatable levels by time:
     D:1: 1395 daAuts
     D:2: 338 daAuts
 Abyss:1: 24 daAuts
 Abyss:2: 19 daAuts
